 Dungeon Crawl Stone Soup version 0.25-a0-734-g73332aeda9 (webtiles) character file.

Game seed: 4475747508895103312, levelgen mode: deterministic

779 mortelune the Cudgeler (level 8, -1/62 HPs)
             Began as a Formicid Abyssal Knight on Apr 10, 2020.
             Was a Believer of Lugonu.
             Succumbed to an orc warrior's poison
             ... on level 4 of the Dungeon.
             The game lasted 00:15:58 (6602 turns).

mortelune the Cudgeler (Formicid Abyssal Knight)    Turns: 6602, Time: 00:15:59

Health: -1/62      AC: 15    Str: 19    XL:     8   Next: 10%
Magic:  11/11      EV:  6    Int: 12    God:    Lugonu [**....]
Gold:   369        SH:  0    Dex: 10    Spells: 7/7 levels left

rFire    . . .     SeeInvis +   a - +4 flail
rCold    + . .     Gourm    .   (no shield)
rNeg     . . .     Faith    .   r - +2 plate armour {rC+}
rPois    .         Spirit   .   (helmet unavailable)
rElec    .         Reflect  .   s - +0 cloak
rCorr    .         Harm     .   (no gloves)
MR       .....                  (no boots)
Stlth    ..........             l - amulet of regeneration
HPRegen  0.60/turn              t - ring of teleportation (curse)
MPRegen  0.12/turn              (no ring)

@: lethally poisoned (-1 -> -34)
A: permanent stasis, dig shafts and tunnels, four strong arms, antennae 3
a: Dig, Shaft Self, Depart the Abyss, Bend Space, Renounce Religion


You were on level 4 of the Dungeon.
You worshipped Lugonu.
Lugonu was pleased with you.
You were not hungry.

You visited 1 branch of the dungeon, and saw 6 of its levels.
You visited the Abyss 1 time.

You collected 369 gold pieces.

Inventory:

Hand Weapons
 a - a +4 flail (weapon)
 b - a +0 hunting sling
 n - a +0 morningstar
 p - the +9 dagger "Sehilacs" {flame, rC+ Str-2 Int+3, unknown}
   (You found it on level 4 of the Dungeon)

   It has been specially enchanted to burn those struck by it, causing extra
   injury to most foes and up to half again as much damage against particularly
   susceptible opponents.
   It affects your strength (-2).
   It affects your intelligence (+3).
   It protects you from cold.
Missiles
 d - 127 stones (quivered)
 f - 19 sling bullets
Armour
 i - a +0 scale mail
 j - a +1 leather armour
 r - a +2 plate armour of cold resistance (worn)
 s - a +0 cloak (worn)
Jewellery
 l - an amulet of regeneration (around neck)
 t - a cursed ring of teleportation (left hand)
 u - an uncursed ring of positive energy
Scrolls
 g - 3 scrolls of immolation
 k - a scroll of enchant armour
 m - a scroll of magic mapping
Potions
 e - a potion of heal wounds
 h - a potion of ambrosia
 o - a potion of might {unknown}
 v - a potion of brilliance {unknown}
Comestibles
 c - 10 rations
 q - 4 chunks of flesh


   Skills:
 + Level 5.0 Fighting
 * Level 5.3 Maces & Flails
 * Level 5.3 Armour
 - Level 1.4 Dodging
 + Level 4.5 Invocations


You had 7 spell levels left.
You didn't know any spells.
Your spell library was empty.

Dungeon Overview and Level Annotations

Branches:
Dungeon (6/15)
 Temple: D:4-7

Altars:
Cheibriados
Fedhas
Trog
Uskayaw
The Shining One


Innate Abilities, Weirdness & Mutations

You cannot be hasted, slowed, berserked, paralysed or teleported.
You can dig through walls and to a lower floor.
Your four strong arms can wield two-handed weapons with a shield.
You have a pair of large antennae on your head. (SInv)


Message History

The orc warrior is lightly wounded.
You feel sick.
You hit the orc warrior but do no damage.
The orc warrior is lightly wounded.
You feel sick.
The orc warrior hits you with a +2 battleaxe of venom!
You are more poisoned.
You hit the orc warrior.
The orc warrior is lightly wounded.
You feel very sick.
The worker ant waves its antennae.
The orc warrior hits you with a +2 battleaxe of venom!
You are more poisoned.
You barely miss the orc warrior.
The orc warrior is lightly wounded.
You feel very sick.
The orc warrior hits you with a +2 battleaxe of venom!!
* * * LOW HITPOINT WARNING * * *
You are more poisoned.
You die...

#........# #...........
#.....#### ##########.# ###...#
#......... ###.# ######.###..#.#
###.# #..>...###..#.# ##.#.#
#......##.....# ##....#
#......##.....#
#.....#####..>...###..#.#
##...##.@)oa.#...........
##.###.####...########.# #.# #.#
####### #.# ##.###.# #.....#####
#.# ##...##.# #._.ยง.....# #.#
##.#.#.#.###.....###.###.#
#.##.......####### #...... #####
##.##......#.# ######.##.#
#...######.#.##.#.#.###..........


You could see an orc warrior and a worker ant.

Vanquished Creatures
  An ogre (D:5)
  3 scorpions
  A wight (D:5)
  A howler monkey (D:5)
  A crimson imp (D:5)
  3 hounds
  4 orc priests
  A worker ant (D:5)
  A hound skeleton (D:4)
  4 gnolls
  3 adders
  An ooze (D:5)
  2 worms
  4 dart slugs
  4 leopard geckos
  8 orcs
  A ball python (D:5)
  5 giant cockroaches
  14 goblins
  9 hobgoblins
  3 jackals (D:3)
  3 quokkas
  11 bats
  5 frilled lizards
  10 kobolds
  A quokka skeleton (D:5)
  5 rats
109 creatures vanquished.

Notes
Turn   | Place    | Note
-------+----------+-------------------------------------------
     0 | Abyss:1  | mortelune the Formicid Abyssal Knight began the quest for
                  | the Orb.
     0 | Abyss:1  | Reached XP level 1. HP: 18/18 MP: 2/2
    53 | Abyss:1  | Noticed a rakshasa
    53 | Abyss:1  | Noticed a chaos spawn
    54 | D:1      | Escaped the Abyss
   124 | D:1      | Reached XP level 2. HP: 6/24 MP: 3/3
   380 | D:1      | Reached * piety under Lugonu
   439 | D:1      | Reached XP level 3. HP: 24/29 MP: 4/4
  1177 | D:1      | Reached skill level 1 in Dodging
  2166 | D:2      | Reached XP level 4. HP: 37/37 MP: 6/6
  3368 | D:3      | Reached ** piety under Lugonu
  3460 | D:3      | Reached XP level 5. HP: 30/42 MP: 7/7
  3721 | D:2      | Found a snail-covered altar of Cheibriados.
  4467 | D:4      | Reached XP level 6. HP: 34/48 MP: 8/8
  4633 | D:4      | Found a bloodstained altar of Trog.
  4782 | D:4      | Found a glowing golden altar of the Shining One.
  4782 | D:4      | Found a blossoming altar of Fedhas.
  4880 | D:4      | Got an ichor-stained dagger
  5118 | D:5      | Entered Level 5 of the Dungeon
  5175 | D:5      | Found a hide-covered altar of Uskayaw.
  5175 | D:5      | Found a bloodstained altar of Trog.
  5261 | D:5      | Reached XP level 7. HP: 55/55 MP: 9/9
  5619 | D:5      | Reached skill level 5 in Maces & Flails
  6005 | D:2      | Reached skill level 5 in Armour
  6456 | D:6      | Reached skill level 5 in Fighting
  6456 | D:6      | Reached XP level 8. HP: 41/62 MP: 11/11
  6601 | D:4      | HP: 2/62 [orc warrior/+2 battleaxe of venom (20)]
  6602 | D:4      | Succumbed to an orc warrior's poison

Levels and vault maps discovered:
D:1:      minmay_arrival_wavy_path, layout_basic, minmay_misc_feat_diagonals
D:2:      lemuel_upstairs_altar, layout_loops_ring, hangedman_decor_points,
          chequers_avenue, kennysheep_generic_room_13
D:3:      layout_basic
D:4:      layout_loops_cross, gammafunk_temple_overflow_pools, trog_book
D:5:      layout_rooms, gammafunk_temple_overflow_elements, first_ration
D:6:      layout_loops_ring

Skill      XL: |  1  2  3  4  5  6  7 |
---------------+----------------------+-----
Dodging        | 1 |  1.4
Maces & Flails | 3 4 5 |  5.3
Invocations    | 3 4 |  4.5
Armour         | 3 4 5 |  5.3
Fighting       | 4 5 |  5.0

Action                   |  1- 3 |  4- 6 |  7- 9 || total
-------------------------+-------+-------+-------++-------
Melee: Mace              |   146 |   188 |       ||   334
       Flail             |       |    13 |   123 ||   136
 Fire: Hunting sling     |       |    41 |    74 ||   115
Throw: Stone             |    27 |     8 |       ||    35
Invok: Depart the Abyss  |     1 |       |       ||     1
  Use: Scroll            |     2 |     5 |     1 ||     8
       Potion            |       |     1 |       ||     1
  Eat: Chunk             |     4 |     7 |     4 ||    15
       Ration            |       |     1 |       ||     1
Armor: Leather armour    |    31 |     7 |       ||    38
       Scale mail        |       |    75 |       ||    75
       Plate armour      |       |       |    94 ||    94
Dodge: Dodged            |   131 |   122 |    35 ||   288

Table legend:
 A = Non-vault XP
 B = Vault XP
 C = Vault XP percentage of total XP
 D = Non-vault monster count
 E = Vault monster count
 F = Vault count percentage of total count
                 A         B        C        D         E       F
            +---------+---------+-------+---------+---------+-------
      Total |    1110 |       3 |   0.3 |     108 |       1 |   0.9
            +---------+---------+-------+---------+---------+-------
        D:1 |      69 |       0 |   0.0 |      32 |       0 |   0.0
        D:2 |     112 |       3 |   2.6 |      33 |       1 |   2.9
        D:3 |      41 |       0 |   0.0 |      11 |       0 |   0.0
        D:4 |     268 |       0 |   0.0 |      10 |       0 |   0.0
        D:5 |     497 |       0 |   0.0 |      16 |       0 |   0.0
        D:6 |     123 |       0 |   0.0 |       6 |       0 |   0.0
            +---------+---------+-------+---------+---------+-------
